Map: Moonlight Madness LE

Players

Rob

  • Race: Protoss Protoss
  • League: Grandmaster
  • Spawn Location: 1:00

Jason - Winner!

  • Race: Terran Terran
  • League: Grandmaster
  • Spawn Location: 7:00

VOD

Have the link to the VOD?

Description

Time

  • Played on: May 14, 2019, 3:25 p.m.
  • Length: 12:52
Show
View Real Time Build Order
Export as new Build Order

Rob Protoss 

Build Orders: Colossus Rush 

Get SALT Encoding   

  12  0:00  Probe  
  13  0:12  Probe  
  14  0:17  Pylon  
  14  0:24  Probe  
  15  0:35  Pylon  
  15  0:37  Probe  
  16  0:49  Probe  
  17  0:53  Gateway  
  17  0:56  Assimilator  
  17  1:01  Probe  
  18  1:13  Probe  
  19  1:25  Probe  
  19  1:31  Zealot  
  20  1:38  Probe  
  21  1:43  Cybernetics Core  
  23  1:56  Zealot  
  25  2:02  Assimilator  
  25  2:04  Gateway  
  25  2:13  Stalker  
  25  2:26  Warp Gate  
  25  2:29  Probe  
  28  2:30  Nexus  
  28  2:35  Stalker  
  27  2:42  Probe  
  30  2:54  Probe  
  31  3:09  Stalker  
  31  3:15  Pylon  
  31  3:19  Robotics Facility  
  31  3:33  Probe  
  32  3:35  Stalker  
  34  3:45  Probe  
  35  3:55  Probe  
  36  3:57  Probe  
  37  4:04  Immortal  
  37  4:07  Probe  
  37  4:09  Probe  
  39  4:13  Pylon  
  39  4:15  Robotics Bay  
  43  4:20  Probe  
  43  4:21  Probe  
  45  4:29  Pylon  
  45  4:32  Probe, Shield Battery  
  45  4:33  Probe  
  45  4:38  Warp Prism  
  47  4:42  Sentry  
  47  4:44  Probe  
  52  4:48  Probe  
  53  4:54  Gravitic Drive  
  53  4:56  Probe  
  53  5:00  Probe  
  54  5:08  Probe, Pylon  
  54  5:09  Assimilator x2  
  54  5:11  Disruptor  
  54  5:13  Probe  
  54  5:14  Pylon  
  56  5:20  Probe  
  60  5:26  Probe  
  60  5:27  Pylon  
  61  5:32  Shield Battery  
  61  5:36  Probe  
  61  5:39  Probe  
  61  5:40  Colossus  
  63  5:45  Twilight Council  
  63  5:46  Forge  
  63  5:56  Probe x2  
  71  6:02  Pylon  
  71  6:09  Extended Thermal Lance  
  71  6:17  Zealot  
  73  6:21  Shield Battery  
  73  6:22  Gateway  
  73  6:23  Gateway  
  73  6:30  Disruptor  
  73  6:34  Pylon  
  73  6:37  Pylon  
  76  6:50  Stalker  
  78  7:09  Gateway  
  78  7:13  Gateway  
  78  7:17  Stalker x3, Colossus, Blink  
  90  7:40  Protoss Ground Weapons Level 1  
  90  7:42  Stalker  
  90  7:43  Stalker x2  
  96  7:58  Pylon  
  95  8:11  Colossus  
  88  8:17  Probe x2  
  75  8:29  Probe x2  
  75  8:41  Probe x2  
  75  8:47  Pylon  
  75  8:48  Pylon  
  77  8:53  Probe x2  
  79  9:02  Stalker  
  79  9:03  Stalker x2  
  79  9:05  Probe  
  79  9:06  Probe  
  87  9:18  Probe x2  
  89  9:29  Probe x2  
  86  9:32  Stalker x2, Zealot x2  
  86  9:33  Zealot  
  86  9:37  Probe x2  
  98  9:45  Probe  
  99  9:57  Stalker  
  101  10:04  Pylon  
  101  10:06  Pylon  
  101  10:08  Pylon  
  101  10:10  Pylon  
  100  10:25  Stalker x4  
  108  10:52  Nexus  
  108  10:53  Pylon  
  108  10:54  Pylon  
  108  10:56  Pylon  
  107  11:42  Pylon  
  107  11:44  Pylon  
  105  11:48  Pylon  
  97  12:20  Gateway  
  97  12:22  Gateway  
Show
View Real Time Build Order
Export as new Build Order

Jason Terran - Winner!

Build Orders: Gas First Reaper Expand 

Get SALT Encoding   

  12  0:01  SCV  
  13  0:13  SCV  
  14  0:18  Supply Depot  
  14  0:26  SCV  
  15  0:28  Refinery  
  15  0:40  SCV  
  16  0:45  Barracks  
  16  0:52  SCV  
  17  1:04  SCV  
  18  1:18  SCV  
  19  1:33  Reaper, Orbital Command  
  19  1:55  Command Center  
  19  2:00  SCV  
  20  2:08  Barracks Tech Lab  
  20  2:10  Supply Depot  
  20  2:12  SCV  
  21  2:19  Barracks  
  21  2:25  SCV  
  22  2:32  Marauder, Concussive Shells  
  24  2:38  SCV  
  24  2:43  Bunker  
  25  2:53  Marauder  
  27  3:01  SCV  
  28  3:11  Marine  
  29  3:14  Barracks  
  29  3:16  Marine  
  30  3:20  Stimpack  
  30  3:29  Orbital Command  
  30  3:32  SCV, Marine  
  32  3:38  Refinery  
  32  3:44  SCV, Marauder  
  35  3:55  SCV  
  36  3:56  SCV  
  36  3:59  Marine  
  38  4:05  Marine  
  38  4:07  SCV  
  40  4:10  Marauder  
  40  4:11  SCV  
  43  4:18  Factory  
  43  4:19  SCV  
  43  4:23  SCV, Barracks Reactor  
  45  4:26  Engineering Bay  
  45  4:28  Marine  
  46  4:35  Supply Depot  
  46  4:43  Supply Depot  
  46  4:44  Supply Depot  
  46  4:56  SCV x2, Marine  
  46  4:57  Marauder  
  50  5:01  Marine x2  
  50  5:03  Factory Reactor  
  50  5:05  Starport  
  52  5:07  Supply Depot  
  52  5:09  SCV x2  
  52  5:11  Refinery  
  54  5:16  Barracks Tech Lab  
  54  5:21  SCV x2, Combat Shield  
  56  5:23  Marine  
  56  5:24  Marine  
  56  5:27  Marauder  
  60  5:33  SCV x2  
  62  5:36  Marauder  
  64  5:44  Supply Depot  
  64  5:45  SCV x2  
  64  5:49  Medivac x2, Factory Reactor  
  70  5:52  Marauder  
  70  5:53  Marine  
  73  5:57  Marine  
  73  6:02  SCV  
  73  6:03  SCV  
  76  6:07  Marauder  
  76  6:11  Marine  
  78  6:13  Terran Infantry Weapons Level 1  
  75  6:19  SCV, Medivac  
  80  6:27  Marine  
  80  6:28  SCV  
  80  6:29  Medivac  
  80  6:31  SCV  
  80  6:32  Marine  
  84  6:43  Command Center  
  79  6:47  SCV x2  
  79  6:50  Marine  
  79  6:51  Marauder, Marine  
  79  6:53  Medivac  
  86  7:12  Marine  
  86  7:13  SCV x2  
  85  7:16  Medivac  
  85  7:22  Marine  
  88  7:23  Marauder  
  88  7:25  SCV x2  
  92  7:32  Marine  
  93  7:37  SCV  
  93  7:38  SCV  
  93  7:39  Marauder  
  94  7:47  Viking, Supply Depot  
  94  7:49  SCV  
  94  7:50  SCV  
  98  7:53  Marine  
  98  7:58  Orbital Command  
  99  8:01  SCV  
  99  8:03  SCV  
  96  8:13  SCV  
  96  8:15  SCV  
  98  8:25  SCV  
  99  8:27  SCV, Marine  
  99  8:31  Widow Mine x2  
  103  8:34  SCV  
  103  8:37  SCV  
  103  8:38  Barracks  
  103  8:39  SCV  
  103  8:40  Barracks  
  101  8:41  Marauder  
  101  8:42  Orbital Command  
  104  8:49  SCV  
  104  8:51  SCV  
  104  8:53  Terran Infantry Armor Level 1, Marine  
  106  9:01  SCV  
  96  9:03  SCV  
  96  9:08  SCV  
  98  9:13  Marine  
  98  9:14  SCV, Marauder  
  98  9:15  SCV  
  98  9:16  Marine  
  104  9:18  Marine  
  104  9:20  SCV  
  106  9:26  SCV  
  108  9:31  SCV  
  108  9:32  SCV  
  109  9:40  SCV  
  109  9:43  SCV  
  109  9:44  Marine x3  
  109  9:45  SCV, Marauder  
  116  9:52  SCV  
  117  9:55  SCV  
  118  10:02  Bunker, Marine x2  
  118  10:03  Marauder, Bunker  
  118  10:06  Marauder  
  118  10:20  Marine x2  
  118  10:24  Marauder  
  118  10:25  SCV  
  118  10:27  SCV, Marine  
  115  10:28  Barracks Tech Lab x2  
  115  10:29  Viking x2  
  115  10:35  SCV  
  120  10:37  SCV, Marine  
  120  10:38  Marine  
  123  10:44  Widow Mine  
  125  10:50  Supply Depot  
  125  10:52  Marauder, Widow Mine, Marine  
  125  10:54  SCV, Supply Depot  
  125  10:55  Starport  
  125  10:56  Starport  
  131  10:59  Viking  
  133  11:05  Engineering Bay  
  133  11:12  Marauder, Widow Mine, Marine x2  
  133  11:14  Widow Mine  
  141  11:22  Marine x2  
  141  11:23  Marauder  
  145  11:29  Marine x2  
  143  11:41  Supply Depot  
  143  11:44  Viking, Widow Mine, Marauder, Marine x3  
  152  11:47  Marine  
  152  11:53  Medivac  
  138  11:56  Marine  
  135  12:02  Marauder x2  
  130  12:12  Marine  
  130  12:13  Marauder  
  130  12:14  Medivac, Marine  
  127  12:23  Marine  
Tags
 
Add a new tag
Caveats
  • Supply blocks, unpowered buildings, or Contaminate may cause inaccurate times.
  • Supply counts are checked every 10 seconds.